 Dungeon Crawl Stone Soup version 0.30.1 (webtiles) character file.

Game seed: 1170597741615029832

325 AIAndy the Shooter (level 6, -3/69 HPs)
             Began as a Barachi Hunter on July 4, 2023.
             Was an Initiate of Cheibriados.
             Succumbed to a kobold brigand's curare-tipped dart
             ... in a sewer.
             The game lasted 00:12:31 (2102 turns).

AIAndy the Shooter (Barachi Hunter)                 Turns: 2102, Time: 00:12:31

Health: -3/69      AC: 23    Str: 13    XL:     6   Next: 48%
Magic:  6/6        EV:  2    Int: 10    God:    Cheibriados [......]
Gold:   13         SH:  0    Dex: 19    Spells: 5/5 levels left

rFire   . . .        a - +0 shortbow
rCold   . . .        (shield currently unavailable)
rNeg    . . .        g - melded +0 ring mail
rPois   +            (helmet currently unavailable)
rElec   .            (cloak currently unavailable)
rCorr   .            l - melded +0 pair of gloves
SInv    .            c - melded +2 pair of boots of an ice cave {rF- Will+++}
Will    .....        (no amulet)
Stlth   ++           (no ring)
HPRegen 0.31/turn    (no ring)
MPRegen 0.10/turn

%: no passive effects
@: lethally poisoned (-3 -> -26), tree-form, slowed, very slow
A: stationary, stasis, torment immunity, boosted hp, (amphibious), (slowness 1),
(strong legs 1), +LOS
a: Renounce Religion


You were in a sewer.
You worshipped Cheibriados.
Cheibriados was noncommittal.
You were a tree.
You visited 1 branch of the dungeon, and saw 4 of its levels.
You also visited: Sewer.

You collected 157 gold pieces.
You spent 144 gold pieces at shops.

Inventory:

Hand Weapons
 a - a +0 shortbow (weapon)
Armour
 c - the +2 pair of boots of an ice cave (melded) {rF- Will+++}
   (You found it on level 2 of the Dungeon)

   rF:        It makes you vulnerable to fire.
   Will:      It greatly increases your willpower.
 g - a +0 ring mail (melded)
 l - a +0 pair of gloves (melded)
Wands
 h - a wand of paralysis (9)
Scrolls
 b - a scroll of immolation
 k - 3 scrolls of teleportation
 m - a scroll of fog
Potions
 d - a potion of berserk rage
 e - 2 potions of magic
 f - 2 potions of invisibility
 i - 2 potions of resistance
 p - a potion of attraction {unknown}
 q - a potion of brilliance {unknown}


   Skills:
 - Level 2.4 Fighting
 + Level 7.5 Ranged Weapons
 - Level 2.2 Dodging
 - Level 1.0 Stealth


You had 5 spell levels left.
You didn't know any spells.
Your spell library contained the following spells:

 Spells                   Type           Power      Damage    Failure   Level
 Borgnjor's Revivificati  Necr           0%         N/A       100%        8
 Necromutation            Tmut/Necr      0%         N/A       100%        8
 Death's Door             Necr           0%         N/A       100%        9


Dungeon Overview and Level Annotations

Branches:
Dungeon (4/15)             Temple (0/1) D:4           Sewer (1/1)

Altars:
Cheibriados
Makhleb

Shops:
D:3 *


Innate Abilities, Weirdness & Mutations

You are a tree.
Your roots penetrate the ground, keeping you stationary.
You cannot be teleported.
You are immune to unholy pain and torment.
Your maximum health is greatly increased.
Your equipment is partially melded.
((You are amphibious.))
((You cover ground slowly.))
((You can hop short distances.))
You have an extended range of vision and can be seen from far away.


Message History

You shoot an arrow.
The arrow closely misses the kobold brigand.
Fire: a) +0 shortbow
Press: ? - help, Q - select action, (/) - cycle Shift-Dir - straight line, f/p - kobold brigand
Aim: a kobold brigand, wielding a +0 short sword and quivering curare-tipped darts (moderately wounded, 59% to hit)
You shoot an arrow. The arrow hits the kobold brigand!
The kobold brigand is severely wounded.
The kobold brigand throws a curare-tipped dart.
The curare-tipped dart hits you.
You are poisoned.
You have difficulty breathing.
You feel as though you will be slow longer.
Fire: a) +0 shortbow
Press: ? - help, Q - select action, (/) - cycle Shift-Dir - straight line, f/p - kobold brigand
Aim: a kobold brigand, wielding a +0 short sword and quivering curare-tipped darts (severely wounded, 59% to hit)
You shoot an arrow. The arrow hits the kobold brigand.
The kobold brigand is almost dead.
You feel sick.
The kobold brigand throws a curare-tipped dart.
The curare-tipped dart hits you.
You are more poisoned.
You have difficulty breathing.
* * * LOW HITPOINT WARNING * * *
You feel as though you will be slow longer.
The kobold brigand throws a curare-tipped dart.
The curare-tipped dart hits you.
You are lethally poisoned!
You have difficulty breathing.
* * * LOW HITPOINT WARNING * * *
You feel as though you will be slow longer.
Okay, then.
Okay, then.
Okay, then.
Okay, then.
Okay, then.
It was a potion of lignification.
You turn into a tree.
Your +0 pair of gloves melds into your body.
The +2 pair of boots of an ice cave {rF- Will+++} melds into your body.
Your +0 ring mail melds into your body.
Your roots penetrate the ground.
You die...

~~~~~~~.~.~..~~~~.
~.##~~~.~~...##.~~
##~.~~~.~## ~
##..~~~.~##
###~~..~~~~.###
##~.~~~~.~~.~~.##
#.~~~~#####...~.#
#.~~~## ##...~#
#♣..## ##.~.#
#.~~# #)~.# #.K~#
#..~# ##~~~##
##)~~## #~~~~~#
#~~..~# #.###.#
#~###.# #~ .# #~#
#~# #~ ~# ##~###~#
.. ~~ #..~#~~~


You could see a kobold brigand.

Vanquished Creatures
  2 kobold brigands (Sewer)
  A hound (D:4)
  8 adders
  2 worms
  A dart slug (D:1)
  A bat (D:1)
  9 endoplasms
  9 giant cockroaches
  7 goblins
  6 hobgoblins
  7 jackals
  3 quokkas
  8 ball pythons
  3 frilled lizards
  8 kobolds
  5 rats
80 creatures vanquished.

Notes
Turn   | Place    | Note
-------+----------+-------------------------------------------
     0 | D:1      | AIAndy the Barachi Hunter began the quest for the Orb.
     0 | D:1      | Reached XP level 1. HP: 17/17 MP: 1/1
    24 | D:1      | Reached skill level 1 in Stealth
    35 | D:1      | Found a faded altar of an unknown god.
    43 | D:1      | Reached XP level 2. HP: 19/23 MP: 2/2
   258 | D:1      | Reached XP level 3. HP: 28/28 MP: 3/3
   417 | D:1      | Reached skill level 5 in Ranged Weapons
   838 | D:2      | Reached XP level 4. HP: 28/34 MP: 4/4
   855 | D:2      | Identified the +2 pair of boots of an ice cave {rF-
                  | Will+++}
  1465 | D:3      | Found a faded altar of an unknown god.
  1468 | D:3      | Reached skill level 6 in Ranged Weapons
  1470 | D:3      | Found a snail-covered altar of Cheibriados.
  1522 | D:3      | Found Putillant's General Store.
  1528 | D:3      | Bought a scroll of fog for 48 gold pieces
  1528 | D:3      | Bought a scroll of teleportation for 36 gold pieces
  1528 | D:3      | Bought a scroll of identify for 24 gold pieces
  1528 | D:3      | Bought a potion of curing for 36 gold pieces
  1585 | D:4      | Found a burning altar of Makhleb.
  1628 | D:4      | Reached XP level 5. HP: 39/39 MP: 5/5
  1637 | D:4      | Found a staircase to the Ecumenical Temple.
  1668 | D:3      | Became a worshipper of Cheibriados the Contemplative
  1873 | D:4      | Found a glowing drain.
  1881 | Sewer    | Entered a sewer
  1899 | Sewer    | Noticed a kobold brigand
  1914 | Sewer    | Killed a kobold brigand
  1915 | Sewer    | Reached skill level 7 in Ranged Weapons
  1915 | Sewer    | Reached XP level 6. HP: 33/46 MP: 6/6
  2101 | Sewer    | HP: 2/46 [asphyx]
  2102 | Sewer    | Succumbed to a kobold brigand's curare-tipped dart

Illustrated notes

Levels and vault maps discovered:
D:1:      amcnicky_arrival_choice, layout_loops_cross,
          shapermc_ecumenical_altar_starsandcircs
D:2:      layout_loops_ring, serial_glass, glass_columns_a, glass_columns_b
D:3:      cheibrodos_greedy_goblins, layout_loops_ring,
          nicolae_overflow_ecumenical_swirl, nicolae_yredelemnul_corpse_copse,
          nicolae_overflow_crystal_walls, serial_shops, shop
D:4:      layout_basic, mainiacjoe_overflow_alcove_1, minmay_temple_entry_waves,
          gup_sewer_entry_spiral, minmay_goblin_kobold_house
Sewer:    sewer_co_tree

Skill      XL: |  1  2  3  4  5 |
---------------+----------------+-----
Stealth        | 1 |  1.0
Ranged Weapons | 5 6 7 |  7.5
Fighting       | |  2.4
Dodging        | |  2.2

Action                     |  1- 3 |  4- 6 || total
---------------------------+-------+-------++-------
   Fire: Shortbow          |    98 |   140 ||   238
    Use: Scroll            |       |     6 ||     6
         Potion            |       |     2 ||     2
 Armour: Leather armour    |     1 |       ||     1
         Ring mail         |    11 |    46 ||    57
  Dodge: Dodged            |    25 |    57 ||    82
